 Dungeon Crawl Stone Soup version 0.11.3 (webtiles) character file.

278 Banto the Changer (level 5, -5/33 HPs)
             Began as a Sludge Elf Stalker on Nov 26, 2015.
             Slain by an ogre
             ... wielding a +0,+0 giant club
              (23 damage)
             ... on Level 3 of the Dungeon.
             The game lasted 00:06:47 (2371 turns).

Banto the Changer (Sludge Elf Stalker)              Turns: 2371, Time: 00:06:47

HP  -5/33        AC  5     Str 10      XL: 5   Next: 60%
MP   6/8         EV 13     Int 11      God:
Gold 96          SH  0     Dex 16      Spells:  2 memorised,  3 levels left

Res.Fire  : . . .   See Invis. : .   o - +4,+2 elf dagger
Res.Cold  : . . .   Warding    : .   b - +0 elf robe
Life Prot.: . . .   Conserve   : .   (no shield)
Res.Poison: .       Res.Corr.  : .   (no helmet)
Res.Elec. : .       Clarity    : .   c - +0 elf cloak
Sust.Abil.: . .     Spirit.Shd : .   (no gloves)
Res.Mut.  : .       Stasis     : .   n - +1 pair of boots
Res.Rott. : .       Ctrl.Telep.: .   (no amulet)
Saprovore : . . .   Levitation : .   (no ring) Ctrl.Flight: .
                                     t - cursed -3 ring of intelligence

@: slightly resistant to hostile enchantments, quite stealthy
A: no striking features
a: no special abilities


You were on level 3 of the Dungeon.
You were not hungry.

You visited 1 branch of the dungeon, and saw 3 of its levels.

You collected 76 gold pieces.

Inventory:

Hand weapons
 a - a +3,+2 elven dagger {=f}
 o - a +4,+2 elven dagger (weapon)
Armour
 b - a +0 elven robe (worn)
 c - a +0 elven cloak (worn)
 n - a +1 pair of boots (worn)
Comestibles
 f - 3 bread rations
 g - a rotting chunk of worm flesh
 h - 2 meat rations
 p - a slice of pizza
 q - a pear
Scrolls
 l - a scroll of remove curse
Jewellery
 t - a cursed -3 ring of intelligence (left hand)
Potions
 e - a potion of confusion
 i - 2 potions of curing
 j - a potion of heal wounds {unknown}
 k - 5 potions of poison
 s - a potion of might {unknown}
Books
 d - a book of Stalking

   Spells                             Type                      Level
   *Fulsome Distillation              Transmutation/Necromancy     1
   *Evaporate                         Fire/Transmutation           2
   Passwall                           Transmutation/Earth          3
   Petrify                            Transmutation/Earth          4
   Dig                                Transmutation/Earth          4


   Skills:
 - Level 1.1 Fighting
 - Level 0.8 Short Blades
 - Level 2.4 Dodging
 + Level 5.0 Stealth
 - Level 2.0 Stabbing
 - Level 1.2 Spellcasting
 + Level 5.5 Transmutations


You had 3 spell levels left.
You knew the following spells:

 Your Spells              Type           Power        Failure   Level  Hunger
a - Fulsome Distillation  Trmt/Necr      N/A          12%         1    ##.....
b - Evaporate             Fire/Trmt      ##.....      17%         2    ###....


Dungeon Overview and Level Annotations

Branches:
Dungeon (3/27)

Altars:


Message History

The ogre is engulfed in noxious fumes.
The ogre appears confused.
The ogre misses you.
You hit the ogre.
The ogre is moderately wounded.
You hit the ogre.
The ogre is moderately wounded.
The ogre is engulfed in noxious fumes.
The ogre appears confused.
The ogre closely misses you.
You strike the helpless ogre from behind!
You slash the ogre!
The ogre is severely wounded.
The ogre is engulfed in noxious fumes.
The ogre appears confused.
The ogre hits you with a giant club!
You hit the ogre.
The ogre is severely wounded.
You hit the ogre but do no damage.
The ogre is severely wounded.
The ogre hits you with a giant club!
Ouch! That really hurt!
You die...

####.#..###..#.# #+#
.........<...#.# #.#
####.#..#..(.#.# #.#
...........(.#.# #.#
.....#.......#.###############.#
######.......#.#..h............##
.....#.......#.#.###.............
####.#)......#.#.##..............
.....#.........#@##..######......
###..#.#.........Oh.......#.[....
#..#...........##.......#.#.###
#..########....##.#..#..#.#....
#..# ######....##.#### .#.#....
#..###...##....##.. #.#....
#..............#### #.#....
#.####...#.....# #.#....
#.####...#.....# #.#.###


You could see an ogre (confused) and a jackal.

Vanquished Creatures
  A centaur (D:3)
  Ijyb (D:2)
  Jessica (D:2)
  An adder (D:3)
  A worm (D:3)
  A giant gecko (D:2)
  An ooze (D:1)
  5 goblins
  9 hobgoblins
  5 jackals
  9 kobolds
  A ball python (D:2)
  10 bats
  A giant cockroach (D:2)
  4 giant newts (D:2)
  8 rats
59 creatures vanquished.

Vanquished Creatures (others)
  A goblin (D:3)
1 creature vanquished.

Grand Total: 60 creatures vanquished

Notes
Turn   | Place    | Note
--------------------------------------------------------------
     0 | D:1      | Banto, the Sludge Elf Stalker, began the quest for the Orb.
     0 | D:1      | Reached XP level 1. HP: 13/13 MP: 1/1
    59 | D:1      | Reached skill level 3 in Transmutations
   364 | D:1      | Reached XP level 2. HP: 8/18 MP: 3/3
   368 | D:1      | Learned a level 2 spell: Evaporate
  1000 | D:1      | Reached XP level 3. HP: 11/23 MP: 4/4
  1127 | D:2      | Reached skill level 4 in Transmutations
  1272 | D:2      | Noticed Jessica
  1282 | D:2      | Killed Jessica
  1406 | D:2      | Reached XP level 4. HP: 28/28 MP: 6/6
  1595 | D:2      | Noticed Ijyb
  1624 | D:2      | Killed Ijyb
  2001 | D:3      | Noticed a centaur
  2014 | D:3      | Killed a centaur
  2014 | D:3      | Reached skill level 5 in Transmutations
  2014 | D:3      | Reached XP level 5. HP: 30/33 MP: 6/8
  2058 | D:3      | Reached skill level 5 in Stealth
  2288 | D:3      | Noticed an ogre
  2371 | D:3      | Slain by an ogre
